 Dungeon Crawl Stone Soup version 0.21.1-1-g345015fe64 (webtiles) character file.

142 Gargoyl the Skirmisher (level 5, -2/46 HPs)
             Began as a Centaur Abyssal Knight on June 23, 2018.
             Was a Follower of Lugonu.
             Slain by a gnoll
             ... wielding a +0 flail
              (12 damage)
             ... on level 2 of the Dungeon.
             The game lasted 00:06:04 (2787 turns).

Gargoyl the Skirmisher (Centaur Abyssal Knight)     Turns: 2787, Time: 00:06:05

Health: -2/46      AC:  5    Str: 14    XL:     5   Next: 3%
Magic:  7/7        EV:  9    Int: 11    God:    Lugonu [*.....]
Gold:   114        SH:  0    Dex: 10    Spells: 4/4 levels left

rFire    . . .     SeeInvis .   a - +1 hand axe
rCold    . . .     Gourm    .   (no shield)
rNeg     . . .     Faith    .   b - +0 leather armour
rPois    .         Spirit   .   (no helmet)
rElec    .         Reflect  .   g - +0 cloak
rCorr    .         Harm     .   (no gloves)
MR       +....     Rnd*Tele +   (no barding)
Stlth    ..........             (no amulet)
HPRegen  0.15/turn              d - ring of protection from magic
MPRegen  0.10/turn              n - ring of teleportation (curse)

@: very quick
A: large, hooves 3, deformed body, speed 2, tough skin 3
a: Depart the Abyss, Renounce Religion


You were on level 2 of the Dungeon.
You worshipped Lugonu.
Lugonu was aware of your devotion.
You were not hungry.

You visited 1 branch of the dungeon, and saw 3 of its levels.
You visited the Abyss 1 time.

You collected 114 gold pieces.

Inventory:

Hand Weapons
 a - a +1 hand axe (weapon)
Armour
 b - a +0 leather armour (worn)
 g - a +0 cloak (worn)
Jewellery
 d - a ring of protection from magic (left hand)
 e - an uncursed ring of protection from magic
 n - a cursed ring of teleportation (right hand)
Scrolls
 f - a scroll of identify
 i - a scroll of teleportation
 j - a scroll of amnesia
Potions
 l - a potion of curing
Comestibles
 c - a ration


   Skills:
 + Level 3.7 Fighting
 + Level 3.0 Axes
 * Level 2.2 Armour
 + Level 0.9 Dodging
 * Level 2.9 Invocations


You had 4 spell levels left.
You didn't know any spells.

Dungeon Overview and Level Annotations

Branches:
Dungeon (3/15)

Altars:
Ashenzari
Kikubaaqudgha


Innate Abilities, Weirdness & Mutations

You have hooves in place of feet.
Armour fits poorly on your strangely shaped body.
You cover ground very quickly.
You have extremely tough skin. (AC +3)


Message History

You hit the gnoll.
The gnoll is heavily wounded.
The gnoll closely misses you.
You hit the gnoll.
The gnoll is severely wounded.
The gnoll hits you with a flail!
You barely miss the gnoll. You kick the gnoll, but do no damage.
The gnoll is severely wounded.
The gnoll barely misses you.
You completely miss the gnoll.
The gnoll is severely wounded.
The gnoll hits you but does no damage.
You hit the gnoll.
The gnoll is almost dead.
The gnoll hits you with a flail.
* * * LOW HITPOINT WARNING * * *
You closely miss the gnoll.
The gnoll is almost dead.
The gnoll hits you with a flail!
You die...

....####.#
....##...#
....##.#.#
....##.#.#
###......#
..#.##.###
....##.#
#.####.#
######## #####
.......#
#....@g# #)..#
.8...###
#.####.# #...#
8.8..#
#.####.#######
#.§.# ._.8.#
#......(.....#
##'## 8.8..#
#.####.#######
♣.♣♣ .8...#
##......# ♣♣.♣
.....#
#...##### ♣.♣♣
..#..# #...#
♣♣.♣ ....##
#...# ♣♣.♣♣


You could see a gnoll.

Vanquished Creatures
  Crazy Yiuf (D:2)
  7 adders
  An ooze (D:3)
  A worm (D:2)
  2 dart slugs (D:1)
  2 leopard geckos
  A ball python (D:2)
  A giant cockroach (D:3)
  8 goblins
  5 hobgoblins
  4 kobolds
  A bat (D:1)
  A frilled lizard (D:2)
  6 rats
41 creatures vanquished.

Notes
Turn   | Place    | Note
-------+----------+-------------------------------------------
     0 | Abyss:1  | Gargoyl the Centaur Abyssal Knight began the quest for the Orb.
     0 | Abyss:1  | Reached XP level 1. HP: 19/19 MP: 2/2
    59 | Abyss:1  | Noticed a starcursed mass
    80 | Abyss:1  | Noticed a ynoxinul
    80 | D:1      | Escaped the Abyss
   326 | D:1      | Reached * piety under Lugonu
   341 | D:1      | Reached XP level 2. HP: 23/26 MP: 3/3
   978 | D:2      | Reached XP level 3. HP: 19/31 MP: 4/4
  1147 | D:2      | Found a faded altar of an unknown god.
  1493 | D:2      | Found a shattered altar of Ashenzari.
  1517 | D:2      | Found a runed door.
  1743 | D:2      | Reached XP level 4. HP: 38/39 MP: 4/6
  1905 | D:2      | Found an ancient bone altar of Kikubaaqudgha.
  2129 | D:2      | Noticed Crazy Yiuf
  2145 | D:2      | Killed Crazy Yiuf
  2146 | D:2      | HP: 3/60 [poisoned by Crazy Yiuf]
  2535 | D:3      | Reached XP level 5. HP: 22/46 MP: 7/7
  2787 | D:2      | Slain by a gnoll

Skill      XL: |  1  2  3  4 |
---------------+-------------+-----
Axes           | 2 3 |  3.0
Armour         | 2 |  2.2
Fighting       | |  3.7
Dodging        | |  0.9
Invocations    | |  2.9

Action                   |  1- 3 |  4- 6 || total
-------------------------+-------+-------++-------
Melee: Hand axe          |    85 |    50 ||   135
       Kick              |    13 |     9 ||    22
Invok: Depart the Abyss  |     1 |       ||     1
  Use: Potion            |     1 |     4 ||     5
       Scroll            |       |     6 ||     6
  Eat: Chunk             |     1 |     4 ||     5
Armor: Leather armour    |    18 |    12 ||    30
       Skin              |       |    10 ||    10
Dodge: Dodged            |    51 |    19 ||    70
